 Dungeon Crawl Stone Soup version 0.23-a0-650-ga4d50d4 (webtiles) character file.

7921 Borgoz the Blocker (level 11, -1/89 HPs)
             Began as a Gnoll Fighter on Jan 3, 2019.
             Was a Follower of Ashenzari.
             Splashed by a brown ugly thing's acid (8 damage)
             ... on level 9 of the Dungeon.
             The game lasted 00:17:55 (9281 turns).

Borgoz the Blocker (Gnoll Fighter)                  Turns: 9281, Time: 00:17:56

Health: -1/89      AC:  6    Str: 25    XL:     11   Next: 22%
Magic:  20/20      EV: 15    Int: 10    God:    Ashenzari [*.....]
Gold:   525        SH: 12    Dex: 18    Spells: 22/22 levels left

rFire    . . .     SeeInvis .   d - +1 whip (elec)
rCold    . . .     Gourm    .   c - +0 shield
rNeg     . . .     Faith    .   m - +2 leather armour {rPois} (curse)
rPois    +         Spirit   .   (no helmet)
rElec    .         Reflect  .   B - +0 cloak
rCorr    .         Harm     .   t - +1 pair of gloves (curse)
MR       .....                  (no boots)
Stlth    +++.......             (no amulet)
HPRegen  0.24/turn              E - +6 ring of strength (curse)
MPRegen  0.17/turn              (no ring)

@: about to teleport, corroded
A: distributed training, fangs 1, strong nose
a: Curse Item, Scrying, Renounce Religion


You were on level 9 of the Dungeon.
You worshipped Ashenzari.
Ashenzari was aware of your devotion.
You were not hungry.

You visited 2 branches of the dungeon, and saw 10 of its levels.
You also visited: Ossuary.

You collected 525 gold pieces.

Inventory:

Hand Weapons
 a - a +0 war axe
 d - a +1 whip of electrocution (weapon)
 p - a +0 whip of distortion
 y - a +4 battleaxe
 A - a +2 quarterstaff of chaos
Missiles
 w - 23 poisoned needles
Armour
 c - a +0 shield (worn)
 m - a cursed +2 leather armour of poison resistance (worn)
 t - a cursed +1 pair of gloves (worn)
 B - a +0 cloak (worn)
Jewellery
 b - an uncursed ring of magical power
 l - an uncursed ring of wizardry
 E - a cursed +6 ring of strength (left hand)
Wands
 h - a wand of polymorph (26)
 D - a wand of flame (17)
Scrolls
 j - 5 scrolls of teleportation
 o - 3 scrolls of enchant weapon {unknown}
 r - 5 scrolls of remove curse
 x - a scroll of amnesia
 z - a scroll of blinking {unknown}
 C - a scroll of random uselessness {unknown}
 H - a scroll of vulnerability {unknown}
Potions
 e - a potion of resistance
 g - 3 potions of flight
 i - 5 potions of heal wounds
 n - 2 potions of ambrosia
 q - 2 potions of magic
 s - 7 potions of curing
 u - a potion of brilliance
 v - 2 potions of cancellation {unknown}
 G - a potion of agility {unknown}
Comestibles
 f - 20 rations


   Skills:
 + Level 9.0 Fighting
 + Level 6.0 Short Blades
 + Level 6.0 Long Blades
 + Level 7.6 Axes
 + Level 6.0 Maces & Flails
 + Level 6.0 Polearms
 + Level 6.0 Staves
 + Level 6.0 Slings
 + Level 6.0 Bows
 + Level 6.0 Crossbows
 + Level 6.0 Throwing
 + Level 9.0 Armour
 + Level 6.0 Dodging
 + Level 6.0 Stealth
 + Level 9.0 Shields
 + Level 6.0 Unarmed Combat
 + Level 6.0 Spellcasting
 + Level 4.9 Conjurations
 + Level 4.9 Hexes
 + Level 4.9 Charms
 + Level 4.9 Summonings
 + Level 4.9 Necromancy
 + Level 4.9 Translocations
 + Level 4.9 Transmutations
 + Level 4.9 Fire Magic
 + Level 4.9 Ice Magic
 + Level 4.9 Air Magic
 + Level 4.9 Earth Magic
 + Level 4.9 Poison Magic
 + Level 6.5 Invocations
 + Level 6.0 Evocations


You had 22 spell levels left.
You didn't know any spells.
Your spell library contained the following spells:

 Spells                   Type           Power        Failure   Level  Hunger
 Bolt of Magma            Conj/Fire/Erth ##........   88%         5    ######.
 Iskenderun's Battlesphe  Conj/Chrm      ##......     88%         5    ######.
 Venom Bolt               Conj/Pois      ##........   88%         5    ######.
 Iron Shot                Conj/Erth      ##........   100%        6    #######
 Orb of Destruction       Conj           ##........   100%        7    #######
 Spellforged Servitor     Conj/Summ      ##........   100%        7    #######


Dungeon Overview and Level Annotations

Branches:
Dungeon (9/15)             Temple (1/1) D:4            Lair (0/6) D:9
    Orc: D:9-12

Altars:
Ashenzari
Cheibriados
Dithmenos
Elyvilon
Fedhas
Gozag
Hepliaklqana
Kikubaaqudgha
Makhleb
Nemelex Xobeh
Okawaru
Qazlal
Ru
Sif Muna
Uskayaw
Xom
Yredelemnul
Zin
The Shining One
Lugonu

Shops:
D:6 (


Innate Abilities, Weirdness & Mutations

Your experience applies equally to all skills.
You have very sharp teeth.
Your uncanny sense of smell can sniff out nearby items.


Message History

Aiming: Corrosive Bolt
Press: ? - help, Shift-Dir - straight line, f/p - brown ugly thing
Aim: a brown ugly thing (heavily wounded)
The bolt of acid hits the brown ugly thing.
The brown ugly thing is heavily wounded.
The now-empty wand crumbles to dust.
You block the brown ugly thing's attack.
Okay, then.
You hit the brown ugly thing but do no damage.
Lightning courses through the brown ugly thing!
The brown ugly thing is almost dead.
The brown ugly thing tentacle-slaps you!
You are splashed with acid!
The acid burns!
* * * LOW HITPOINT WARNING * * *
As you read the scroll of teleportation, it crumbles to dust.
You feel strangely unstable.
The brown ugly thing tentacle-slaps you!
* * * LOW HITPOINT WARNING * * *
You are splashed with acid!
The acid burns!
You die...

............#########...####
...########.# #...# ...# #.#
#...# ##.#########...####
....................
....................
#####..########...# #..#
...# ######.@####### ...
.......u....... ..
...............
...............
...............
...............
...............
###############


You could see a brown ugly thing.

Vanquished Creatures
  A two-headed ogre (D:9)
  Pikel (D:5)
  A cyclops (D:8)
  A troll (D:9)
  A hippogriff (D:7)
  Grinder (D:6)
  Sigmund (D:5)
  A human (D:7)
  3 hogs (D:7)
  6 yaks
  Menkaure (D:4)
  3 porcupines (D:9)
  5 orc warriors
  A necrophage (D:7)
  3 ice beasts
  2 sky beasts
  A black bear (D:9)
  An eye of draining (D:8)
  4 ogres
  3 centaurs
  Blork the orc (D:5)
  An elf zombie (Ossuary)
  3 bullfrogs
  2 scorpions
  3 killer bees (D:8)
  2 howler monkeys (D:6)
  3 wights
  7 crimson imps
  2 centaur zombies (Ossuary)
  2 quasits
  2 hounds
  Crazy Yiuf (D:6)
  A human zombie (Ossuary)
  2 orc priests
  3 iguanas
  6 orc wizards
  Ijyb (D:4)
  9 worker ants
  2 big kobold zombies (Ossuary)
  A hound zombie (D:9)
  A hound skeleton (D:9)
  3 mummies (Ossuary)
  8 adders
  3 shadow imps
  A worm zombie (D:4)
  6 adder zombies (Ossuary)
  2 adder skeletons
  4 dart slugs
  3 leopard geckos
  24 orcs
  4 giant cockroaches
  2 gnoll zombies
  9 goblins
  6 hobgoblins
  10 jackals
  2 quokkas
  6 bats
  4 frilled lizards
  7 goblin zombies
  A hobgoblin zombie (Ossuary)
  4 jackal zombies
  6 kobolds
  3 kobold zombies (Ossuary)
  A leopard gecko zombie (D:8)
  3 orc zombies (Ossuary)
  4 quokka zombies (Ossuary)
  15 rats
  5 rat zombies (Ossuary)
242 creatures vanquished.

Vanquished Creatures (others)
  6 fungi (D:9)
  15 plants (D:9)
21 creatures vanquished.

Grand Total: 263 creatures vanquished

Notes
Turn   | Place    | Note
-------+----------+-------------------------------------------
     0 | D:1      | Borgoz the Gnoll Fighter began the quest for the Orb.
     0 | D:1      | Reached XP level 1. HP: 23/23 MP: 1/1
   104 | D:1      | Reached XP level 2. HP: 29/29 MP: 2/2
   351 | D:1      | Reached XP level 3. HP: 35/35 MP: 3/3
   596 | D:2      | Reached skill level 1 in Invocations
   739 | D:2      | Found a sacrificial altar of Ru.
   811 | D:2      | Noticed an ice beast
   821 | D:2      | Killed an ice beast
   821 | D:2      | Reached skill level 1 in Short Blades
   821 | D:2      | Reached skill level 1 in Long Blades
   821 | D:2      | Reached skill level 1 in Maces & Flails
   821 | D:2      | Reached skill level 1 in Polearms
   821 | D:2      | Reached skill level 1 in Staves
   821 | D:2      | Reached skill level 1 in Slings
   821 | D:2      | Reached skill level 1 in Bows
   821 | D:2      | Reached skill level 1 in Crossbows
   821 | D:2      | Reached skill level 1 in Throwing
   821 | D:2      | Reached skill level 1 in Dodging
   821 | D:2      | Reached skill level 1 in Stealth
   821 | D:2      | Reached skill level 1 in Unarmed Combat
   821 | D:2      | Reached skill level 1 in Spellcasting
   821 | D:2      | Reached skill level 1 in Conjurations
   821 | D:2      | Reached skill level 1 in Hexes
   821 | D:2      | Reached skill level 1 in Charms
   821 | D:2      | Reached skill level 1 in Summonings
   821 | D:2      | Reached skill level 1 in Necromancy
   821 | D:2      | Reached skill level 1 in Translocations
   821 | D:2      | Reached skill level 1 in Transmutations
   821 | D:2      | Reached skill level 1 in Fire Magic
   821 | D:2      | Reached skill level 1 in Ice Magic
   821 | D:2      | Reached skill level 1 in Air Magic
   821 | D:2      | Reached skill level 1 in Earth Magic
   821 | D:2      | Reached skill level 1 in Poison Magic
   821 | D:2      | Reached skill level 1 in Evocations
   821 | D:2      | Reached XP level 4. HP: 41/41 MP: 4/6
   821 | D:2      | Reached XP level 5. HP: 47/47 MP: 4/7
   839 | D:2      | Found a basalt altar of Yredelemnul.
  2305 | D:4      | Reached XP level 6. HP: 38/53 MP: 8/8
  2337 | D:4      | Noticed Ijyb
  2361 | D:4      | Killed Ijyb
  2474 | D:4      | Noticed Menkaure
  2480 | D:4      | Killed Menkaure
  2480 | D:4      | Reached skill level 5 in Axes
  2591 | D:4      | Found a staircase to the Ecumenical Temple.
  2615 | D:4      | Found a sand-covered staircase.
  2629 | Ossuary  | Entered an ossuary
  2664 | Ossuary  | Reached XP level 7. HP: 40/59 MP: 10/10
  3215 | Temple   | Entered the Ecumenical Temple
  3304 | Temple   | Became a worshipper of Ashenzari the Shackled
  3348 | D:4      | Found a shimmering altar of Xom.
  3436 | D:4      | Reached XP level 8. HP: 67/67 MP: 12/12
  3440 | D:4      | Found a shadowy altar of Dithmenos.
  3649 | D:4      | Found a burning altar of Makhleb.
  3686 | D:5      | Entered Level 5 of the Dungeon
  3701 | D:5      | Noticed Blork the orc
  3713 | D:5      | Killed Blork the orc
  3973 | D:5      | Noticed Sigmund
  3985 | D:5      | Killed Sigmund
  4093 | D:5      | Found a snail-covered altar of Cheibriados.
  4128 | D:5      | Noticed Pikel
  4144 | D:5      | Killed Pikel
  4144 | D:5      | Reached XP level 9. HP: 22/73 MP: 13/15
  4806 | D:6      | Noticed Grinder
  4812 | D:6      | Paralysed by Grinder for 5 turns
  4823 | D:6      | Paralysed by Grinder for 6 turns
  4835 | D:6      | Paralysed by Grinder for 7 turns
  4848 | D:6      | Paralysed by Grinder for 5 turns
  4856 | D:6      | Paralysed by Grinder for 4 turns
  5215 | D:6      | Found Patimn's Weapon Shop.
  5382 | D:6      | Killed Grinder
  5776 | D:6      | Found a runed door.
  5780 | D:6      | Noticed Crazy Yiuf
  5789 | D:6      | Killed Crazy Yiuf
  6039 | D:7      | Reached skill level 5 in Invocations
  6142 | D:7      | Reached * piety under Ashenzari
  6351 | D:7      | Found a stormy altar of Qazlal.
  6380 | D:7      | Reached XP level 10. HP: 60/80 MP: 17/17
  6426 | D:7      | Reached skill level 5 in Short Blades
  6426 | D:7      | Reached skill level 5 in Long Blades
  6426 | D:7      | Reached skill level 5 in Maces & Flails
  6426 | D:7      | Reached skill level 5 in Polearms
  6426 | D:7      | Reached skill level 5 in Staves
  6426 | D:7      | Reached skill level 5 in Slings
  6426 | D:7      | Reached skill level 5 in Bows
  6426 | D:7      | Reached skill level 5 in Crossbows
  6426 | D:7      | Reached skill level 5 in Throwing
  6426 | D:7      | Reached skill level 5 in Dodging
  6426 | D:7      | Reached skill level 5 in Stealth
  6426 | D:7      | Reached skill level 5 in Unarmed Combat
  6426 | D:7      | Reached skill level 5 in Spellcasting
  6426 | D:7      | Reached skill level 5 in Evocations
  6971 | D:8      | Found a glowing silver altar of Zin.
  7181 | D:8      | Found a sparkling altar of Nemelex Xobeh.
  7216 | D:8      | Found a hide-covered altar of Uskayaw.
  7507 | D:9      | Noticed a cyclops
  7684 | D:8      | Killed a cyclops
  7812 | D:9      | Found a white marble altar of Elyvilon.
  8506 | D:9      | Reached XP level 11. HP: 62/87 MP: 19/19
  8544 | D:9      | Found a staircase to the Lair.
  8625 | D:9      | Noticed a two-headed ogre
  8856 | D:9      | Killed a two-headed ogre
  9265 | D:9      | Noticed a brown ugly thing
  9281 | D:9      | Splashed by a brown ugly thing's acid

Vault maps used:
D:1:      elethiomel_arrival_diamonds
D:2:      overflow_temple_1_default, nicolae_ru_sacrificial_ziggurat
D:4:      makhleb_grotto_becter, nicolae_dithmenos_the_darkroom, led_xom_imps,
          minmay_temple_entry_enclosed_plants, first_ration, enter_ossuary_3,
          uniq_ijyb, uniq_menkaure
D:5:      wander_river, cheibriados_altar_1, roderic_roman_lattice,
          kennysheep_generic_room_9, uniq_pikel, uniq_blork_the_orc,
          uniq_sigmund
D:6:      serial_curves, eino_curves_02, eino_curves_04, eino_curves_04,
          eino_curves_02, serial_shops, nicolae_shop_behind_doors, uniq_grinder,
          uniq_crazy_yiuf_cottage
D:7:      kennysheep_mini, grunt_livestock, fountainhead
D:8:      eat_drink_and_be_merry_uskayaw, lemuel_crystal_altar,
          nemelex_xobeh_ov_fountains_minmay
D:9:      lemuel_coloured_pillars_altar, elyvilon_altar_5,
          grunt_lair_entry_orc_guard_hut
Temple:   kb_corrupted_temple
Ossuary:  minmay_ossuary_two_tombs

Skill      XL: |  1  2  3  4  5  6  7  8  9 10 11 |
---------------+----------------------------------+-----
Invocations    | 1 2 3 4 5 6 |  6.5
Short Blades   | 1 2 4 5 6 |  6.0
Long Blades    | 1 2 4 5 6 |  6.0
Maces & Flails | 1 2 4 5 6 |  6.0
Polearms       | 1 2 4 5 6 |  6.0
Staves         | 1 2 4 5 6 |  6.0
Slings         | 1 2 4 5 6 |  6.0
Bows           | 1 2 4 5 6 |  6.0
Crossbows      | 1 2 4 5 6 |  6.0
Throwing       | 1 2 4 5 6 |  6.0
Dodging        | 1 2 4 5 6 |  6.0
Stealth        | 1 2 4 5 6 |  6.0
Unarmed Combat | 1 2 4 5 6 |  6.0
Spellcasting   | 1 2 4 5 6 |  6.0
Conjurations   | 1 2 3 4 |  4.9
Hexes          | 1 2 3 4 |  4.9
Charms         | 1 2 3 4 |  4.9
Summonings     | 1 2 3 4 |  4.9
Necromancy     | 1 2 3 4 |  4.9
Translocations | 1 2 3 4 |  4.9
Transmutations | 1 2 3 4 |  4.9
Fire Magic     | 1 2 3 4 |  4.9
Ice Magic      | 1 2 3 4 |  4.9
Air Magic      | 1 2 3 4 |  4.9
Earth Magic    | 1 2 3 4 |  4.9
Poison Magic   | 1 2 3 4 |  4.9
Evocations     | 1 2 4 5 6 |  6.0
Axes           | 5 6 7 |  7.6
Fighting       | 7 8 9 |  9.0
Armour         | 7 8 9 |  9.0
Shields        | 7 8 9 |  9.0

Action                   |  1- 3 |  4- 6 |  7- 9 | 10-12 || total
-------------------------+-------+-------+-------+-------++-------
Melee: War axe           |    90 |   144 |   161 |       ||   395
       Bite              |     5 |    12 |    55 |    54 ||   126
       Scythe            |       |       |    33 |       ||    33
       Whip              |       |       |   188 |   347 ||   535
Invok: Curse Item        |       |       |       |     3 ||     3
Evoke: Wand              |       |       |       |     7 ||     7
  Use: Scroll            |       |    10 |     3 |     5 ||    18
       Potion            |       |       |     1 |     1 ||     2
 Stab: Sleeping          |       |     1 |     5 |     6 ||    12
       Distracted        |       |       |       |     1 ||     1
  Eat: Chunk             |       |     6 |     9 |     6 ||    21
       Ration            |       |       |     1 |     1 ||     2
Armor: Scale mail        |    29 |    30 |       |       ||    59
       Leather armour    |       |    11 |   105 |    54 ||   170
       Skin              |       |       |       |    17 ||    17
Dodge: Dodged            |    22 |    56 |   164 |   125 ||   367
Block: Shield            |    54 |    71 |   206 |   159 ||   490

Table legend:
 A = Non-vault XP
 B = Vault XP
 C = Vault XP percentage of total XP
 D = Non-vault monster count
 E = Vault monster count
 F = Vault count percentage of total count
                 A         B        C        D         E       F
            +---------+---------+-------+---------+---------+-------
      Total |    7430 |    3886 |  34.3 |     169 |      73 |  30.2
            +---------+---------+-------+---------+---------+-------
        D:1 |      32 |       8 |  20.0 |      18 |       7 |  28.0
        D:2 |     182 |       0 |   0.0 |      25 |       0 |   0.0
        D:3 |      71 |       0 |   0.0 |      15 |       0 |   0.0
        D:4 |     288 |     401 |  58.2 |      12 |       9 |  42.9
        D:5 |     624 |    1017 |  62.0 |      11 |       3 |  21.4
        D:6 |     591 |     300 |  33.7 |      14 |       2 |  12.5
        D:7 |     708 |    1002 |  58.6 |      22 |       5 |  18.5
        D:8 |    1601 |       0 |   0.0 |      23 |       0 |   0.0
        D:9 |    3333 |     766 |  18.7 |      29 |       6 |  17.1
    Ossuary |       0 |     392 | 100.0 |       0 |      41 | 100.0
            +---------+---------+-------+---------+---------+-------
